 Dungeon Crawl Stone Soup version 0.27.1-3-gb3d3a73c9e (webtiles) character file.

Game seed: 14473893704275460759

177 jlumianski the Insei (level 5, -5/33 HPs)
             Began as an Octopode Transmuter on Oct 22, 2021.
             Was an Initiate of Wu Jian.
             Slain by an ogre (32 damage)
             ... on level 4 of the Dungeon.
             The game lasted 00:15:42 (3802 turns).

jlumianski the Insei (Octopode Transmuter)          Turns: 3802, Time: 00:15:43

Health: -5/33      AC:  1    Str:  9    XL:     5   Next: 57%
Magic:  5/9        EV: 13    Int: 17    God:    Wu Jian [......]
Gold:   81         SH:  0    Dex: 12    Spells: 7/10 levels left

rFire    . . .     SeeInvis .     - Unarmed
rCold    . . .     Faith    .   (no shield)
rNeg     . . .     Spirit   .   (helmet currently unavailable)
rPois    .         Reflect  .   (no amulet)
rElec    .         Harm     .   (no ring)
rCorr    .         Rampage  .   (no ring)
Will     .....                  (no ring)
Stlth    +++.......             (no ring)
HPRegen  0.11/turn              (no ring)
MPRegen  0.11/turn              (no ring)
                                (no ring)
                                (no ring)

@: appendages, wereblooded
A: tentacle spike 3, almost no armour, amphibious, 8 rings, camouflage 1,
gelatinous body 1, (nimble swimmer 1), tentacles
a: End Transformation, Renounce Religion


You were on level 4 of the Dungeon.
You worshipped Wu Jian.
Wu Jian was noncommittal.
One of your tentacles had grown a beastly spike.
You visited 2 branches of the dungeon, and saw 5 of its levels.

You collected 81 gold pieces.

Inventory:

Missiles
 d - 5 poisoned darts (quivered)
 i - 56 stones
Jewellery
 j - a ring of poison resistance
Scrolls
 b - 2 scrolls of amnesia {unknown}
 c - 2 scrolls of identify {unknown}
 f - 3 scrolls of blinking {unknown}
 h - a scroll of immolation {unknown}
 k - a scroll of teleportation {unknown}
 l - a scroll of acquirement {unknown}
 m - 2 scrolls of magic mapping {unknown}
 n - a scroll of enchant weapon {unknown}
 p - a scroll of silence {unknown}
Potions
 a - a potion of haste {unknown}
 e - a potion of might {unknown}
 g - a potion of mutation {unknown}
 o - a potion of curing {unknown}


   Skills:
 + Level 1.1 Fighting
 + Level 0.2 Throwing
 + Level 2.5 Dodging
 + Level 3.0 Stealth
 + Level 3.9 Unarmed Combat
 + Level 3.1 Spellcasting
 + Level 2.8 Transmutations


You had 7 spell levels left.
You knew the following spells:

 Your Spells              Type           Power      Damage    Failure   Level
a - Beastly Appendage     Tmut           24%        N/A       5%          1
b - Wereblood             Tmut           12%        N/A       9%          2

Your spell library contained the following spells:

 Spells                   Type           Power      Damage    Failure   Level
 Freeze                   Ice            8%         1d3       17%         1
 Shock                    Conj/Air       8%         1d3       17%         1
 Spider Form              Tmut/Pois      3%         N/A       28%         3
 Ignite Poison            Fire/Tmut/Pois 5%         N/A       34%         3
 Conjure Flame            Conj/Fire      2%         6-21      45%         3
 Frozen Ramparts          Ice            4%         1d2       45%         3
 Ice Form                 Ice/Tmut       7%         N/A       67%         4
 Animate Dead             Necr           1%         N/A       86%         4
 Dispel Undead            Necr           2%         3d7       86%         4
 Hailstorm                Conj/Ice       2%         3d3       86%         4
 Sticky Flame             Conj/Fire      2%         2d3       86%         4
 Infestation              Necr           1%         N/A       100%        8


Dungeon Overview and Level Annotations

Branches:
Dungeon (4/15)             Temple (1/1) D:4

Altars:
Cheibriados
Elyvilon
Hepliaklqana
Kikubaaqudgha
Makhleb
Trog
Wu Jian
Yredelemnul


Innate Abilities, Weirdness & Mutations

One of your tentacles has grown a beastly spike.
You cannot wear most types of armour.
You are amphibious.
You can wear up to eight rings at the same time.
Your skin changes colour to match your surroundings (Stealth+).
Your rubbery body absorbs attacks. (AC +1, EV +1)
((You are camouflaged near water. (Stealth+)))
You have tentacles for arms and can constrict up to eight enemies at once.


Message History

You add the spells Shock, Animate Dead, Dispel Undead and Infestation to your library.
Casting: Beastly Appendage (safe; 5% risk of failure)
Confirm with . or Enter, or press ? or * to list all spells.
One of your tentacles grows a vicious spike.
The jackal barks! x2
Casting: Beastly Appendage (safe; 5% risk of failure)
Confirm with . or Enter, or press ? or * to list all spells.
You miscast Wereblood.
You are very lightly contaminated with residual magic.
Nothing appears to happen.
Casting: Wereblood (safe; 9% risk of failure)
Confirm with . or Enter, or press ? or * to list all spells.
Your blood is infused with primal strength.
The jackal bites you. The jackal barely misses you.
The jackal bites you but does no damage.
You closely miss the jackal. You grab the jackal.
You squeeze the jackal, but do no damage.
You constrict the jackal. The jackal barely misses you. The jackal bites you.
You tentacle-slap the jackal.
You feel a bit better.
You kill the jackal!
The Council accepts your kill.
You howl as the wereblood boils in your veins!
The jackal barely misses you. The jackal bites you.
You tentacle-slap the jackal.
You feel a bit better.
You kill the jackal!
The Council accepts your kill.
You howl as the wereblood boils in your veins!
The jackal bites you.
The jackal bites you but does no damage.
You closely miss the jackal. Your grab misses the jackal.
Your squeeze misses the jackal. The jackal bites you.
You closely miss the jackal. Your grab misses the jackal.
The jackal barely misses you.
Your magical contamination has completely faded away.
You lunge at the ogre.
You bludgeon the ogre! You squeeze the ogre.
The ogre is moderately wounded.
The jackal misses you.
The ogre hits you with a +0 giant club!!
Ouch! That really hurt!
You die...

O....#...#####.##.#
>....#...#####.##.#
.............#.##.#
....#...###.#†##.#
...........#.#.##.###
####.................
#.......###.#.###.
#O..#+..# #.#.# #.
#@h.#.#.###.#.###.
#.†.#....†..#.....
#...##..#########.
#...........#.....
#..####.###.#.###.
#..# #.# #.
#######..####.# #.
.............[. ..
#######...##### ...


You could see an ogre and a jackal.

Vanquished Creatures
  A scorpion (D:4)
  6 adders
  An ufetubus (D:4)
  An adder skeleton (D:4)
  A worm (D:3)
  2 dart slugs
  6 ball pythons
  5 endoplasms
  2 goblins
  7 hobgoblins
  2 jackals (D:4)
  5 quokkas
  3 bats (D:2)
  6 frilled lizards
  5 kobolds
  5 rats
58 creatures vanquished.

Vanquished Creatures (others)
  A plant (D:2)
1 creature vanquished.

Grand Total: 59 creatures vanquished

Notes
Turn   | Place    | Note
-------+----------+-------------------------------------------
     0 | D:1      | jlumianski the Octopode Transmuter began the quest for the
                  | Orb.
     0 | D:1      | Reached XP level 1. HP: 13/13 MP: 3/3
   437 | D:1      | Reached XP level 2. HP: 18/18 MP: 3/5
   446 | D:1      | Learned a level 2 spell: Wereblood
  1201 | D:1      | Reached XP level 3. HP: 19/23 MP: 4/6
  1985 | D:3      | Reached skill level 1 in Stealth
  1985 | D:3      | Reached XP level 4. HP: 28/28 MP: 3/7
  2263 | D:3      | Found a faded altar of an unknown god.
  2388 | D:3      | Found a basalt altar of Yredelemnul.
  2601 | D:3      | Found a hazy altar of Hepliaklqana.
  3506 | D:4      | Found a staircase to the Ecumenical Temple.
  3513 | Temple   | Entered the Ecumenical Temple
  3603 | Temple   | Became a worshipper of the Wu Jian Council
  3662 | D:4      | Reached XP level 5. HP: 29/33 MP: 7/9
  3755 | D:4      | Noticed an ogre
  3783 | D:4      | Got the Disquisition on Doomed Flight
  3802 | D:4      | Slain by an ogre

Illustrated notes

Levels and vault maps discovered:
D:1:      wander_arrival_abandoned_jail, layout_loops_cross,
          minmay_shallow_snake_nest
D:2:      layout_basic, corexii_shack
D:3:      layout_rooms, mainiacjoe_overflow_boulevard,
          mainiacjoe_overflow_brackets, shapermc_ecumenical_altar_mp_highgroup,
          st_stairs_3
D:4:      layout_basic, temple_statues, grunt_ministairs_13,
          minmay_misc_feat_cross
Temple:   dpeg_chambers_temple

Skill      XL: |  1  2  3  4  5 |
---------------+----------------+-----
Stealth        | 1 2 3 |  3.0
Spellcasting   | 3 |  3.1
Fighting       | |  1.1
Throwing       | |  0.2
Dodging        | |  2.5
Unarmed Combat | |  3.9
Transmutations | |  2.8

Action                   |  1- 3 |  4- 6 || total
-------------------------+-------+-------++-------
Melee: Unarmed           |    77 |    56 ||   133
       Constrict         |    18 |    13 ||    31
       Kick              |    15 |     9 ||    24
       Tentacles         |    10 |     6 ||    16
       Punch             |     1 |       ||     1
Throw: Dart              |     6 |     2 ||     8
 Cast: Beastly Appendage |    18 |    16 ||    34
       Wereblood         |     4 |     3 ||     7
Invok: Lunge             |       |     3 ||     3
 Stab: Sleeping          |     5 |     5 ||    10
Armor: Skin              |     7 |     4 ||    11
Dodge: Dodged            |    41 |    34 ||    75
